 Dungeon Crawl Stone Soup version 0.23.1 (webtiles) character file.

Game seed: 11957366408743037050

170 Fang the Skirmisher (level 5, -5/51 HPs)
             Began as a Gargoyle Berserker on Mar 19, 2019.
             Was a Priest of Trog.
             Slain by an ogre
             ... wielding a +0 giant club
              (22 damage)
             ... on level 3 of the Dungeon.
             The game lasted 00:04:14 (3119 turns).

Fang the Skirmisher (Gargoyle Berserker)            Turns: 3119, Time: 00:04:15

Health: -5/51      AC: 13    Str: 26    XL:     5   Next: 51%
Magic:  5/5        EV:  9    Int:  8    God:    Trog [***...]
Gold:   110        SH:  0    Dex:  9    Spells: 4/4 levels left

rFire    . . .     SeeInvis .   a - +0 hand axe
rCold    . . .     Gourm    .   (no shield)
rNeg     + . .     Faith    .   l - +0 chain mail
rPois    ∞         Spirit   .   (no helmet)
rElec    +         Reflect  .   (no cloak)
rCorr    .         Harm     .   (no gloves)
MR       .....                  (no boots)
Stlth    ..........             n - amulet of regeneration
HPRegen  0.57/turn              (no ring)
MPRegen  0.09/turn              (no ring)

@: berserking (expiring), very quick
A: negative energy resistance 1, electricity resistance, unbreathing,
petrification resistance, rot immunity, AC +4
a: Berserk, Trog's Hand, Renounce Religion


You were on level 3 of the Dungeon.
You worshipped Trog.
Trog was most pleased with you.
You were very hungry.

You visited 1 branch of the dungeon, and saw 3 of its levels.

You collected 110 gold pieces.

Inventory:

Hand Weapons
 a - a +0 hand axe (weapon)
Armour
 l - a +0 chain mail (worn)
Jewellery
 n - an amulet of regeneration (around neck)
Scrolls
 b - 2 scrolls of fear {unknown}
 d - 3 scrolls of enchant armour {unknown}
 e - 4 scrolls of identify {unknown}
 f - 2 scrolls of magic mapping {unknown}
 g - a scroll of blinking {unknown}
 h - a scroll of immolation {unknown}
 k - a scroll of fog {unknown}
 m - 2 scrolls of remove curse {unknown}
 o - a scroll of amnesia {unknown}
 p - a scroll of teleportation {unknown}
Potions
 j - 4 potions of curing {unknown}
 q - a potion of might {unknown}
Comestibles
 c - 2 rations
 i - 8 chunks of flesh


   Skills:
 + Level 4.3 Fighting
 + Level 3.5 Axes
 + Level 3.5 Armour
 + Level 2.6 Dodging


You had 4 spell levels left.
You didn't know any spells.
Your spell library was empty.

Dungeon Overview and Level Annotations

Branches:
Dungeon (3/15)

Altars:
Nemelex Xobeh


Innate Abilities, Weirdness & Mutations

You are resistant to torment.
Your stone body is resilient. (AC +4)
You are immune to poison.
You resist negative energy. (rN+)
You are resistant to electric shocks. (rElec)
You can survive without breathing.
You are immune to petrification.
You are immune to rotting.


Message History

A red film seems to cover your vision as you go berserk!
You feel yourself moving faster!
You feel mighty!
You are feeling very hungry.
Your chain mail prevents you from hitting the ogre.
The ogre is moderately wounded.
The ogre barely misses you.
You completely miss the ogre.
The ogre is moderately wounded.
The ogre closely misses you.
You barely miss the ogre.
The ogre is moderately wounded.
You barely miss the ogre.
The ogre is moderately wounded.
The ogre hits you with a +0 giant club!
You slash the ogre!
The ogre is heavily wounded.
You slash the ogre!
The ogre is almost dead.
The ogre hits you with a +0 giant club!!
You die...

#. #..# ##'## #.
...# #.# ...# #.#
##.## ###...######
##...........
##.#....#.####
#.#######.###..##.#
#...O@.....#......#
###########.#######
###


You could see an ogre.

Vanquished Creatures
  A worker ant (D:3)
  4 adders
  An ooze (D:1)
  5 worms
  2 dart slugs
  4 leopard geckos
  5 orcs (D:3)
  4 giant cockroaches
  10 hobgoblins
  7 jackals (D:2)
  6 kobolds
  2 quokkas
  9 bats
  3 frilled lizards
  6 goblins
  8 rats
77 creatures vanquished.

Notes
Turn   | Place    | Note
-------+----------+-------------------------------------------
     0 | D:1      | Fang the Gargoyle Berserker began the quest for the Orb.
     0 | D:1      | Reached XP level 1. HP: 14/14 MP: 1/1
   434 | D:1      | Reached XP level 2. HP: 17/19 MP: 2/2
   816 | D:1      | Reached ** piety under Trog
   823 | D:1      | Reached XP level 3. HP: 23/23 MP: 3/3
  1265 | D:2      | Reached XP level 4. HP: 17/29 MP: 4/4
  1495 | D:2      | Reached skill level 4 in Fighting
  2310 | D:2      | Reached *** piety under Trog
  2566 | D:3      | Reached XP level 5. HP: 33/33 MP: 5/5
  2951 | D:3      | Found a sparkling altar of Nemelex Xobeh.
  3106 | D:3      | Noticed an ogre
  3119 | D:3      | Slain by an ogre

Skill      XL: |  1  2  3  4 |
---------------+-------------+-----
Axes           | 3 |  3.5
Dodging        | 2 |  2.6
Armour         | 3 |  3.5
Fighting       | 4 |  4.3

Action                   |  1- 3 |  4- 6 || total
-------------------------+-------+-------++-------
Melee: Hand axe          |   152 |   173 ||   325
Invok: Berserk           |       |     2 ||     2
  Eat: Chunk             |     1 |     7 ||     8
Armor: Animal skin       |    67 |     7 ||    74
       Chain mail        |       |    98 ||    98
Dodge: Dodged            |   119 |    85 ||   204
